Map: Oceanborn LE

Players

LiquidClem (Clem) - Winner!

  • Race: Terran Terran
  • League: Grandmaster
  • Spawn Location: 5:00

VITSolar (Solar)

  • Race: Zerg Zerg
  • League: Master
  • Spawn Location: 11:00

Event: Bellum Gens Elite Stara Zagora 2024

VOD

Have the link to the VOD?

Description

Time

  • Played on: Sept. 6, 2024, 8:58 a.m.
  • Length: 9:15

All games in this series

Show
View Real Time Build Order
Export as new Build Order

LiquidClem Terran - Winner!

Build Orders: Liberator Opening, Reaper Expand 

Get SALT Encoding   

  12  0:00  SCV  
  13  0:12  SCV  
  14  0:16  Supply Depot  
  14  0:25  SCV  
  15  0:38  SCV  
  15  0:39  Barracks  
  16  0:42  Refinery  
  16  0:50  SCV  
  17  1:02  SCV  
  18  1:14  SCV  
  19  1:26  Orbital Command, Reaper  
  20  1:38  Command Center  
  20  1:45  Supply Depot  
  20  1:52  SCV  
  21  1:58  Marine  
  22  2:04  SCV  
  23  2:09  Factory  
  23  2:16  SCV  
  23  2:20  Barracks Reactor  
  24  2:28  SCV  
  25  2:36  Command Center  
  25  2:40  SCV  
  26  2:50  Orbital Command  
  26  2:52  SCV  
  27  2:59  Starport  
  27  3:02  Hellion  
  29  3:07  Hellion  
  29  3:12  SCV, Refinery  
  32  3:15  Marine  
  32  3:17  SCV  
  34  3:24  SCV, Hellion  
  37  3:29  Hellion  
  37  3:32  SCV  
  40  3:36  SCV  
  40  3:40  Liberator  
  44  3:44  SCV  
  44  3:47  Orbital Command  
  44  3:49  SCV, Hellion  
  47  3:56  SCV  
  47  4:01  SCV  
  47  4:02  Supply Depot  
  49  4:08  Barracks Tech Lab, SCV, Hellion  
  48  4:11  Hellion  
  48  4:13  SCV x2  
  52  4:20  SCV  
  53  4:25  SCV x2  
  53  4:26  Supply Depot  
  53  4:27  Marine, Stimpack  
  53  4:29  Starport Reactor  
  56  4:32  SCV  
  56  4:37  SCV, Barracks  
  56  4:38  SCV  
  59  4:40  Factory Reactor  
  59  4:41  Barracks  
  59  4:45  SCV, Engineering Bay  
  60  4:47  Orbital Command  
  60  4:48  Marine, Engineering Bay  
  60  4:51  Refinery  
  60  4:52  SCV  
  62  4:56  Supply Depot  
  62  4:57  SCV  
  63  5:03  Supply Depot  
  63  5:04  SCV, Refinery  
  63  5:05  Supply Depot  
  63  5:06  Marine  
  65  5:09  SCV  
  65  5:13  SCV  
  67  5:14  Barracks  
  67  5:15  Barracks  
  67  5:16  SCV  
  67  5:21  SCV  
  67  5:25  SCV  
  67  5:26  Marine x3  
  67  5:28  SCV, Factory Reactor  
  72  5:30  Terran Infantry Weapons Level 1, Terran Infantry Armor Level 1  
  72  5:35  SCV  
  70  5:37  SCV, Medivac  
  70  5:38  Marine x2, Medivac  
  77  5:43  SCV  
  77  5:44  Marine x3  
  77  5:46  Supply Depot  
  77  5:47  SCV  
  77  5:49  SCV  
  83  5:52  Refinery  
  83  5:55  SCV  
  83  5:56  Marine x2  
  86  5:59  SCV  
  86  6:01  SCV, Marine  
  86  6:02  Marine  
  86  6:03  Factory  
  91  6:04  Barracks Reactor  
  91  6:07  Combat Shield, SCV  
  91  6:09  Supply Depot, Barracks Reactor  
  91  6:10  Marine  
  92  6:12  SCV  
  92  6:13  Marine  
  92  6:14  Marine  
  92  6:15  SCV  
  96  6:19  SCV, Marine  
  96  6:21  Widow Mine x2  
  96  6:22  Supply Depot, Marine  
  96  6:25  SCV  
  104  6:27  Command Center  
  104  6:28  Marine  
  105  6:34  SCV x2  
  105  6:35  Armory  
  105  6:37  SCV  
  105  6:39  Medivac x2  
  112  6:41  Marine  
  112  6:42  Supply Depot  
  112  6:43  Marine  
  112  6:44  Marine  
  112  6:46  SCV, Marine  
  116  6:48  Marine  
  116  6:49  Marine  
  116  6:52  Marine x2, Widow Mine x2, Factory Tech Lab  
  122  6:57  Supply Depot  
  122  6:58  Marine  
  122  7:00  Marine x2  
  125  7:03  Supply Depot  
  125  7:04  Marine  
  125  7:07  Supply Depot  
  126  7:12  Widow Mine, Sensor Tower  
  126  7:14  Widow Mine, Medivac  
  126  7:15  Marine x2  
  132  7:17  Marine  
  132  7:24  Marine x4  
  132  7:25  Widow Mine  
  132  7:29  Drilling Claws  
  138  7:30  Supply Depot  
  138  7:31  Marine x2  
  138  7:33  Marine  
  138  7:35  Marine x2  
  147  7:37  Widow Mine x2  
  147  7:40  SCV x3  
  150  7:46  Supply Depot, Marine  
  149  7:54  Marine  
  149  7:55  Medivac  
  149  7:56  Marine x2  
  149  7:57  Marine x5, Widow Mine  
  149  7:58  SCV  
  158  8:01  SCV  
  158  8:04  Marine  
  152  8:09  Planetary Fortress, Widow Mine  
  152  8:10  SCV  
  152  8:11  SCV, Marine  
  153  8:13  SCV  
  153  8:14  Marine x3  
  153  8:16  Widow Mine  
  153  8:17  Marine x3  
  162  8:20  Marine, Widow Mine  
  162  8:21  Marine  
  162  8:22  SCV, Medivac  
  169  8:30  Widow Mine  
  169  8:33  SCV  
  169  8:34  SCV, Barracks x2  
  172  8:36  Barracks  
  172  8:37  Widow Mine  
  172  8:38  Marine x2  
  172  8:39  Sensor Tower  
  177  8:42  Supply Depot, Widow Mine  
  177  8:44  SCV  
  177  8:45  SCV  
  177  8:46  Marine  
  180  8:49  SCV, Marine  
  180  8:51  Marine, Widow Mine  
  180  8:55  Marine x4  
  186  9:02  SCV  
Show
View Real Time Build Order
Export as new Build Order

VITSolar Zerg 

Build Orders: Hatch First 

Get SALT Encoding   

  12  0:00  Drone  
  13  0:12  Overlord  
  13  0:17  Drone  
  14  0:31  Drone x2  
  16  0:47  Hatchery  
  15  0:51  Drone  
  15  0:55  Drone  
  17  0:58  Drone  
  18  1:09  Extractor  
  17  1:13  Spawning Pool  
  17  1:15  Drone  
  17  1:19  Drone  
  18  1:28  Drone  
  19  1:38  Drone  
  20  1:54  Drone  
  20  1:56  Hatchery  
  20  2:00  Queen  
  22  2:01  Zergling x2  
  22  2:04  Zergling x2  
  24  2:12  Queen  
  26  2:16  Zergling x2  
  26  2:20  Overlord  
  27  2:24  Drone  
  27  2:38  Queen  
  27  2:40  Drone  
  27  2:41  Metabolic Boost  
  27  2:42  Drone  
  31  2:45  Drone  
  32  2:52  Overlord  
  32  2:58  Drone x3  
  35  3:08  Queen  
  35  3:12  Queen  
  37  3:15  Drone x2  
  41  3:20  Queen  
  41  3:25  Overlord  
  43  3:29  Drone x2  
  43  3:32  Drone x2  
  47  3:35  Drone  
  47  3:36  Drone  
  47  3:40  Overlord  
  49  3:43  Overlord  
  49  3:52  Drone x2  
  49  3:53  Zergling x8  
  53  4:00  Drone  
  53  4:04  Drone x2  
  53  4:05  Drone  
  53  4:07  Drone  
  56  4:11  Queen  
  56  4:15  Queen  
  60  4:18  Drone x2  
  60  4:20  Drone  
  60  4:23  Overlord  
  63  4:25  Drone  
  63  4:27  Zergling x2  
  65  4:31  Overlord  
  65  4:35  Overlord  
  65  4:38  Drone x3  
  68  4:39  Zergling x2  
  68  4:41  Drone x2  
  71  4:46  Drone x3  
  71  4:50  Overlord  
  71  4:52  Queen  
  74  4:55  Drone x3  
  74  4:56  Drone  
  74  4:59  Extractor  
  79  5:02  Lair  
  79  5:06  Spore Crawler  
  76  5:07  Spore Crawler  
  76  5:08  Drone x2  
  77  5:19  Zergling x12  
  81  5:29  Drone x7  
  81  5:32  Drone  
  81  5:35  Spine Crawler, Extractor  
  87  5:39  Drone x3  
  87  5:40  Drone, Evolution Chamber  
  87  5:41  Evolution Chamber  
  90  5:44  Drone x2, Extractor  
  90  5:48  Drone x2, Extractor  
  90  5:49  Extractor  
  91  5:57  Drone x2  
  92  6:00  Hatchery  
  92  6:05  Drone x3  
  92  6:06  Drone x2  
  92  6:07  Drone  
  98  6:12  Hydralisk Den  
  98  6:14  Overlord  
  98  6:18  Drone  
  98  6:20  Overlord  
  98  6:22  Zerg Ground Armor Level 1  
  98  6:23  Overlord  
  98  6:25  Zerg Melee Weapons Level 1  
  98  6:27  Drone, Baneling Nest  
  98  6:28  Overlord  
  98  6:31  Overlord  
  98  6:33  Drone x3  
  98  6:34  Zergling x2  
  98  6:36  Overlord  
  98  6:39  Overlord  
  102  6:40  Zergling x6  
  102  6:43  Zergling x4  
  104  6:51  Zergling x12  
  109  6:56  Hydralisk  
  109  6:57  Grooved Spines  
  109  6:59  Hydralisk  
  109  7:00  Hydralisk  
  115  7:05  Hydralisk  
  117  7:09  Overlord x2  
  117  7:11  Hydralisk x3  
  117  7:12  Centrifugal Hooks  
  122  7:18  Hydralisk  
  122  7:21  Hydralisk  
  122  7:22  Queen  
  124  7:23  Drone x2  
  124  7:24  Overseer  
  124  7:27  Drone  
  124  7:29  Drone, Hydralisk x4  
  128  7:30  Hydralisk  
  128  7:33  Drone  
  128  7:34  Drone x2  
  128  7:35  Drone  
  128  7:36  Drone  
  143  7:38  Drone  
  143  7:42  Overlord  
  144  7:47  Hydralisk x3  
  143  7:55  Zergling x6  
  139  7:58  Hydralisk  
  139  7:59  Hydralisk x5  
  139  8:03  Hydralisk x3  
  145  8:07  Muscular Augments  
  145  8:10  Queen  
  145  8:11  Zergling x6  
  143  8:14  Zergling x6  
  143  8:18  Zergling x2  
  143  8:19  Zergling x2  
  145  8:21  Queen  
  145  8:25  Drone x2  
  147  8:29  Infestation Pit  
  147  8:30  Drone x3  
  147  8:32  Extractor  
  148  8:34  Overlord  
  148  8:35  Overlord  
  148  8:37  Zergling x6  
  151  8:44  Overlord  
  150  8:49  Overlord  
  146  8:55  Zergling x4  
  146  8:56  Zergling x12  
Tags
 
Add a new tag
Caveats
  • Supply blocks, unpowered buildings, or Contaminate may cause inaccurate times.
  • Supply counts are checked every 10 seconds.